 Dungeon Crawl Stone Soup version 0.30.1-4-g462c640d31 (webtiles) character file.

Game seed: 1965536969928759815

26798 monsoonserge the Cleaver (level 13, -3/115 HPs)
             Began as a Hill Orc Fighter on Aug 24, 2023.
             Was a High Priest of Zin.
             Slain by a death yak (13 damage)
             ... on level 4 of the Lair of Beasts.
             The game lasted 00:46:36 (13709 turns).

monsoonserge the Cleaver (Hill Orc Fighter)        Turns: 13709, Time: 00:46:37

Health: -3/115     AC: 26    Str: 21    XL:     13   Next: 28%
Magic:  21/21      EV:  8    Int: 14    God:    Zin [*****.]
Gold:   682        SH: 15    Dex: 12    Spells: 12/12 levels left

rFire   + + +        R - +3 war axe
rCold   . . .        H - +0 kite shield
rNeg    . . .        K - +1 shadow dragon scales
rPois   +            o - +2 helmet
rElec   .            I - +1 cloak {Stlth+}
rCorr   .            c - +0 pair of gloves
SInv    .            i - +1 pair of boots
Will    .....        F - amulet of reflection
Stlth   ++++         p - ring "Qisir" {rF+++ Str-3 Int+6 Dex+2 Slay+6}
HPRegen 0.39/turn    V - ring of poison resistance
MPRegen 0.17/turn

%: reflection
@: mighty
A: no striking features
a: Renounce Religion, Recite, Vitalisation, Imprison, Sanctuary, Donate Gold


You were on level 4 of the Lair of Beasts.
You worshipped Zin.
Zin was extremely pleased with you.
You visited 3 branches of the dungeon, and saw 15 of its levels.
You also visited: Bailey.

You collected 924 gold pieces.
You spent 150 gold pieces at shops.
You donated 92 gold pieces to Zin.

Inventory:

Hand Weapons
 E - a +4 whip
 R - a +3 war axe (weapon)
 U - a +3 shortbow
Missiles
 g - 21 poisoned darts (quivered)
 w - 5 javelins
 x - 5 atropa-tipped darts
 G - 9 curare-tipped darts
 T - 2 throwing nets
Armour
 c - a +0 pair of gloves (worn)
 i - a +1 pair of boots (worn)
 o - a +2 helmet (worn)
 H - a +0 kite shield (worn)
 I - a +1 cloak of stealth (worn)
 K - +1 shadow dragon scales (worn)
Jewellery
 p - the ring "Qisir" (left hand) {rF+++ Str-3 Int+6 Dex+2 Slay+6}
   (You found it on level 2 of the Dungeon)

   [ring of intelligence]

   Str:       It affects your strength (-3).
   Int:       It affects your intelligence (+6).
   Dex:       It affects your dexterity (+2).
   Slay:      It affects your accuracy & damage with ranged weapons and melee
   (+6).
   rF:        It renders you almost immune to fire.
 r - a ring of protection from cold
 D - a ring of positive energy
 F - an amulet of reflection (around neck)
 M - a ring of fire
 V - a ring of poison resistance (right hand)
Wands
 q - a wand of charming (41)
 v - a wand of iceblast (24)
 O - a wand of flame (40)
 Q - a wand of digging (1)
Scrolls
 a - a scroll of silence {unknown}
 f - 2 scrolls of fear
 h - 5 scrolls of enchant armour
 j - 6 scrolls of teleportation
 m - 2 scrolls of fog {unknown}
 n - a scroll of summoning {unknown}
 s - 7 scrolls of enchant weapon {unknown}
 y - a scroll of vulnerability {unknown}
Potions
 b - 4 potions of haste
 d - 3 potions of might
 e - 5 potions of curing
 k - 4 potions of invisibility
 l - 2 potions of attraction {unknown}
 t - a potion of magic {unknown}
 u - a potion of cancellation {unknown}
 z - 3 potions of berserk rage
 A - 2 potions of brilliance
 B - 3 potions of degeneration {unknown}
 C - 5 potions of mutation
 L - 3 potions of heal wounds {unknown}
 N - 3 potions of lignification {unknown}
 S - a potion of flight {unknown}


   Skills:
 + Level 10.8 Fighting
 + Level 14.2(15.4) Axes
 - Level 8.0(11.1) Maces & Flails
 + Level 1.6 Throwing
 + Level 10.3 Armour
 + Level 2.7 Dodging
 + Level 3.8 Stealth
 + Level 8.0 Shields
 * Level 11.9 Invocations
 - Level 3.0 Evocations


You had 12 spell levels left.
You didn't know any spells.
Your spell library contained the following spells:

 Spells                   Type           Power      Damage    Failure   Level
 Kiss of Death            Conj/Necr      0%         2d5       98%         1
 Magic Dart               Conj           0%         1d3       98%         1
 Necrotise                Necr           0%         1d4       98%         1
 Call Imp                 Summ           0%         N/A       99%         2
 Confusing Touch          Hex            0%         N/A       100%        3
 Inner Flame              Hex/Fire       0%         N/A       100%        3
 Mephitic Cloud           Conj/Pois/Air  0%         N/A       100%        3
 Vampiric Draining        Necr           0%         2d6       100%        3
 Animate Dead             Necr           0%         N/A       100%        4
 Dispel Undead            Necr           0%         3d6       100%        4
 Agony                    Necr           0%         N/A       100%        5
 Borgnjor's Vile Clutch   Necr/Erth      0%         N/A       100%        5
 Yara's Violent Unravell  Hex/Tmut       0%         3d3       100%        5
 Death Channel            Necr           0%         N/A       100%        6
 Enfeeble                 Hex            0%         N/A       100%        7
 Chain Lightning          Conj/Air       0%         N/A       100%        9
 Fire Storm               Conj/Fire      0%         5d1       100%        9
 Shatter                  Erth           0%         3d5*      100%        9


Dungeon Overview and Level Annotations

Branches:
Dungeon (10/15)            Temple (1/1) D:6            Lair (4/5) D:9
  Swamp (0/4) Lair:3        Snake (0/4) Lair:3          Orc (0/2) D:9
 Bailey (visited)
  Slime: Lair:4-5

Altars:
Ashenzari
Cheibriados
Dithmenos
Elyvilon
Fedhas
Gozag
Hepliaklqana
Kikubaaqudgha
Makhleb
Nemelex Xobeh
Okawaru
Qazlal
Ru
Sif Muna
Trog
Uskayaw
Vehumet
Wu Jian
Xom
Yredelemnul
Zin
The Shining One

Shops:
D:2 [   D:8 !


Message History

The death yak is heavily wounded.
You hit the death yak. You block the death yak's attack.
A catoblepas comes into view.
You barely miss the death yak.
The death yak is heavily wounded.
The catoblepas bellows!
You slash the death yak! You block the death yak's attack.
You hit the death yak but do no damage.
The death yak is heavily wounded.
You hit the death yak. You slash the death yak!
The death yak is heavily wounded.
You slash the death yak! The death yak gores you!
The death yak gores you but does no damage.
You barely miss the death yak.
The death yak is heavily wounded.
You slash the catoblepas! You slash the death yak! The catoblepas gores you!
The death yak gores you but does no damage.
The death yak gores you!!
You barely miss the death yak.
The death yak is heavily wounded.
You hit the death yak. You hit the catoblepas.
You block the catoblepas's attack.
The death yak gores you but does no damage. x2
You feel very mighty all of a sudden.
The catoblepas breathes a plume of calcifying dust at you.
The blast of calcifying dust hits you. You block the death yak's attack.
The death yak gores you.
The catoblepas attacks as you move away!
You block the catoblepas's attack. The death yak attacks as you move away!
The death yak gores you but does no damage.
The death yak gores you!!
* * * LOW HITPOINT WARNING * * *
You slash the catoblepas!
The catoblepas is heavily wounded.
You hit the death yak but do no damage. The catoblepas gores you!!
* * * LOW HITPOINT WARNING * * *
The yak snorts and paws the ground.
The death yak gores you!
You die... #...†.### .. ..P~~ #.......##. ....~ ...####....# #..... ...#..###...##### #.....~ ....#...###..#..# ..... ...........#...$ YY.

......##.......###Y#
......#......§§§§YY#
......# ##...#.@Y#Y.#
.##....# ##....##.#
..#
P##....###......####
...
###..................
##.
.P...P##.......P..
#...P#..###.##.#
#........# ## .#
##....P#### #
###.P...##


You could see 2 death yaks, a catoblepas and 3 yaks.

Vanquished Creatures
  2 catoblepae
  A boulder beetle (D:9)
  A two-headed ogre (D:8)
  3 death yaks (Lair:4)
  Sonja (Lair:2)
  Pikel (D:8)
  A cyclops (D:9)
  A salamander (Lair:3)
  16 elephants
  6 cane toads
  2 rime drakes (Lair:2)
  3 komodo dragons
  A troll (D:8)
  A polar bear (Lair:3)
  Grinder (D:3)
  3 blink frogs
  A shadow (D:9)
  Eustachio (D:5)
  A wyvern (D:9)
  29 yaks
  2 steam dragons
  2 basilisks
  3 swamp worms (Lair:3)
  An acid dragon (D:9)
  6 water moccasins
  6 orc warriors (Bailey)
  13 ice beasts
  An ogre (D:6)
  A black bear (Lair:2)
  2 centaurs
  3 wolves (Lair:2)
  4 lemures (D:8)
  2 kobold brigands (D:9)
  2 gnoll sergeants
  7 bullfrogs
  2 scorpions
  9 wights
  18 killer bees
  2 howler monkeys
  3 electric eels
  2 lava snakes (Lair:3)
  A jelly (D:6)
  3 gnoll boudas
  3 hounds
  4 orc priests
  2 sleepcaps
  2 iguanas
  Ijyb (D:3)
  An orc wizard (D:7)
  Robin (D:2)
  17 gnolls
  A white imp (D:6)
  An ufetubus (D:6)
  2 worms
  5 dart slugs
  28 orcs
  2 bats
  4 endoplasms
  2 giant cockroaches
  12 goblins
  9 hobgoblins
  3 quokkas
  4 ball pythons
  A frilled lizard (D:2)
  18 kobolds
  2 rats (D:2)
296 creatures vanquished.

Notes
Turn   | Place    | Note
-------+----------+-------------------------------------------
     0 | D:1      | monsoonserge the Hill Orc Fighter began the quest for the
                  | Orb.
     0 | D:1      | Reached XP level 1. HP: 19/19 MP: 1/1
   177 | D:1      | Reached XP level 2. HP: 25/27 MP: 2/2
   791 | D:2      | Found Vaituaxy's Armour Emporium.
   793 | D:2      | Identified the ring "Qisir" {rF+++ Str-3 Int+6 Dex+2
                  | Slay+6}
   964 | D:2      | Reached XP level 3. HP: 33/33 MP: 3/3
  1068 | D:2      | Noticed Robin
  1074 | D:2      | Reached skill level 3 in Axes
  1082 | D:2      | Killed Robin
  1368 | D:3      | Noticed a centaur
  1379 | D:3      | Killed a centaur
  1380 | D:3      | Reached skill level 4 in Axes
  1380 | D:3      | Reached XP level 4. HP: 28/41 MP: 4/4
  1380 | D:3      | Reached XP level 5. HP: 32/47 MP: 5/5
  1456 | D:3      | Noticed Ijyb
  1463 | D:3      | Noticed Grinder
  1465 | D:3      | Paralysed by Grinder for 5 turns
  1471 | D:3      | Killed Ijyb
  1472 | D:3      | Reached skill level 5 in Axes
  1477 | D:3      | Killed Grinder
  1478 | D:3      | Reached skill level 5 in Fighting
  1478 | D:3      | Reached skill level 6 in Axes
  1478 | D:3      | Reached XP level 6. HP: 23/56 MP: 6/6
  2052 | D:4      | Reached skill level 1 in Dodging
  2133 | D:4      | Reached skill level 7 in Axes
  2133 | D:4      | Reached XP level 7. HP: 42/61 MP: 7/7
  2488 | D:4      | Reached skill level 1 in Evocations
  2786 | D:5      | Entered Level 5 of the Dungeon
  3088 | D:5      | Noticed Eustachio
  3101 | D:5      | Killed Eustachio
  3102 | D:5      | Reached skill level 1 in Maces & Flails
  3102 | D:5      | Reached skill level 5 in Armour
  3206 | D:5      | Reached XP level 8. HP: 42/70 MP: 8/8
  3859 | D:6      | Reached skill level 5 in Maces & Flails
  3996 | D:6      | Found a staircase to the Ecumenical Temple.
  4137 | Temple   | Entered the Ecumenical Temple
  4187 | Temple   | Became a worshipper of Zin the Law-Giver
  4187 | Temple   | Reached * piety under Zin
  4231 | D:6      | Found a glowing golden altar of the Shining One.
  4233 | D:6      | Noticed an angel
  4251 | D:6      | Found a basalt altar of Yredelemnul.
  4253 | D:6      | Noticed a profane servitor
  4475 | D:7      | Reached ** piety under Zin
  4613 | D:7      | Reached XP level 9. HP: 78/78 MP: 9/9
  4662 | D:7      | Found a flagged portal.
  4680 | D:7      | Identified the +5 spear "Exkanlan" {spect, *Slow Int+6}
  4688 | Bailey   | Entered a bailey
  4929 | Bailey   | Reached skill level 1 in Invocations
  5326 | Bailey   | Reached *** piety under Zin
  6343 | D:8      | Found a white marble altar of Elyvilon.
  6375 | D:8      | Reached skill level 1 in Stealth
  6474 | D:8      | Noticed a troll
  6475 | D:8      | Found a blossoming altar of Fedhas.
  6565 | D:8      | Reached XP level 10. HP: 86/86 MP: 13/13
  6568 | D:8      | Noticed a two-headed ogre
  6582 | D:8      | Noticed Pikel
  6612 | D:8      | Killed Pikel
  6613 | D:8      | Reached skill level 5 in Invocations
  6619 | D:8      | Killed a two-headed ogre
  6620 | D:8      | Reached skill level 1 in Throwing
  6620 | D:8      | Reached skill level 5 in Shields
  6780 | D:8      | Found Eniasheo's Distillery.
  6788 | D:8      | Bought a potion of haste for 100 gold pieces
  6788 | D:8      | Bought a potion of berserk rage for 50 gold pieces
  6798 | D:8      | Reached **** piety under Zin
  7020 | D:8      | Found a shimmering altar of Xom.
  7106 | D:8      | Found a sparkling altar of Nemelex Xobeh.
  7471 | D:9      | Found a broken altar of Ashenzari.
  7902 | D:9      | Reached skill level 8 in Axes
  7981 | D:9      | Reached ***** piety under Zin
  8020 | D:9      | Noticed a cyclops
  8028 | D:9      | Killed a cyclops
  8048 | D:9      | Noticed a boulder beetle
  8073 | D:9      | Killed a boulder beetle
  8074 | D:9      | Reached skill level 9 in Axes
  8074 | D:9      | Reached XP level 11. HP: 28/95 MP: 16/16
  8284 | D:9      | Found a hide-covered altar of Uskayaw.
  8295 | D:9      | Found a staircase to the Lair.
  8323 | D:9      | Found a staircase to the Orcish Mines.
  8432 | D:10     | Entered Level 10 of the Dungeon
  8446 | D:10     | Found an iron altar of Okawaru.
  9028 | Lair:1   | Entered Level 1 of the Lair of Beasts
  9031 | Lair:1   | Noticed a catoblepas
  9049 | Lair:1   | Killed a catoblepas
  9050 | Lair:1   | Reached skill level 10 in Axes
  9821 | Lair:1   | Reached skill level 11 in Axes
 10476 | Lair:2   | Reached XP level 12. HP: 58/105 MP: 19/19
 10636 | Lair:2   | Noticed Sonja
 10674 | Lair:2   | Killed Sonja
 11007 | Lair:2   | Noticed a catoblepas
 11032 | Lair:2   | Killed a catoblepas
 11231 | Lair:2   | Reached skill level 12 in Axes
 11231 | Lair:2   | Reached skill level 10 in Invocations
 11949 | Lair:3   | Found a staircase to the Swamp.
 12014 | Lair:3   | Found a staircase to the Snake Pit.
 12027 | Lair:3   | Reached skill level 10 in Fighting
 12674 | Lair:4   | Noticed a death yak
 12684 | Lair:4   | Noticed a death yak
 12696 | Lair:4   | Killed a death yak
 12700 | Lair:4   | Killed a death yak
 12761 | Lair:4   | Noticed a death yak
 12786 | Lair:4   | Killed a death yak
 12787 | Lair:4   | Reached skill level 13 in Axes
 13115 | Lair:4   | Reached skill level 10 in Armour
 13242 | Lair:4   | Reached XP level 13. HP: 69/114 MP: 21/21
 13462 | Lair:4   | Reached skill level 14 in Axes
 13709 | Lair:4   | Slain by a death yak

Illustrated notes

Levels and vault maps discovered:
D:1:      reono_arrival_forest_river, layout_basic
D:2:      layout_loops_cross, serial_shops,
          nicolae_shop_temple_entry_statues_fountains, uniq_robin
D:3:      layout_rooms, uniq_ijyb, uniq_grinder
D:4:      layout_loops_ring, hangedman_abyss_or_decor_stagger
D:5:      layout_loops_ring, uniq_eustachio
D:6:      layout_rooms, grunt_temple_overflow_holy_war,
          minmay_temple_entry_tees, serial_bayou_pond_d
D:7:      layout_loops_corners, enter_bailey_2
D:8:      layout_loops_ring, marbit_many_paths, nemelex_diamond_rough_becter,
          mainiacjoe_overflow_concentric_impassable,
          mainiacjoe_overflow_surrounded_room, serial_shops,
          nicolae_shop_advertising_works [nicolae_subvault_shop_adworks],
          uniq_pikel
D:9:      layout_basic, nicolae_uskayaw_murder_on_the_dancefloor,
          nicolae_ashenzari_skybound, orc_0_dummy
D:10:     minmay_twisted_water, layout_gridville, mainiacjoe_overflow_catwalk,
          minivault_14
Temple:   nicolae_temple_god_jail
Lair:1:   layout_chaotic_city
Lair:2:   layout_cave_pods, serial_bayou_lagoon_a, grunt_megastairs_3,
          uniq_sonja
Lair:3:   layout_roguey, minmay_swamp_entry_worms,
          nicolae_snake_entry_warm_welcome, minivault_26
Lair:4:   beast_lair_carwin_large_4, layout_cave_pods, slime_entry_1

Skill      XL: |  1  2  3  4  5  6  7  8  9 10 11 12 13 |
---------------+----------------------------------------+-----
Fighting       | 4 5 6 7 8 9 10 | 10.8
Axes           | 4 6 7 9 11 13 14 | 14.2
Armour         | 4 5 7 8 9 10 | 10.3
Shields        | 4 5 6 7 8 |  8.0
Dodging        | 1 2 |  2.7
Evocations     | 1 2 3 |  3.0
Maces & Flails | 2 5 8 |  8.0
Invocations    | 4 7 9 11 | 11.9
Stealth        | 1 3 |  3.8
Throwing       | 1 |  1.6

Action                     |  1- 3 |  4- 6 |  7- 9 | 10-12 | 13-15 || total
---------------------------+-------+-------+-------+-------+-------++-------
  Melee: War axe           |    68 |    45 |    19 |   471 |    91 ||   694
         Whip              |       |       |   305 |    59 |       ||   364
  Throw: Dart              |       |       |     8 |     8 |       ||    16
         Javelin           |       |       |       |     1 |       ||     1
 Invoke: Recite            |       |       |     8 |     7 |       ||    15
  Evoke: Wand              |       |       |     1 |     2 |       ||     3
    Use: Scroll            |       |       |     6 |     2 |       ||     8
         Potion            |       |       |     1 |       |     1 ||     2
   Stab: Sleeping          |       |       |     5 |    13 |       ||    18
         Confused          |       |       |     3 |       |       ||     3
         Invisible         |       |       |     1 |     3 |       ||     4
 Armour: Scale mail        |    33 |    25 |    12 |       |       ||    70
         Leather armour    |       |       |    38 |       |       ||    38
         Shadow dragon sca |       |       |    37 |   255 |    60 ||   352
  Dodge: Dodged            |    26 |    21 |   113 |   155 |    26 ||   341
  Block: Buckler           |    14 |     9 |    48 |       |       ||    71
         Kite shield       |       |       |    29 |   248 |    70 ||   347
